AoeStats
← 念

Arena

508459571Analyzed
4v4 RM · 10d ago on Sep 22, 2026· 45m 36s· 8 players
Game mode
Random Map
Map size
Large (8 player)
Population
200
Speed
Normal
Resources
Standard
Victory
Conquest
Starting age
Dark Age
Ending age
Imperial Age
RankedLock teamsTeams togetherTeam positionsShared explorationLock speedFull tech treeHidden civsTurbo modeCheats
Victory
Defeat
🇨🇳 Burgundians · China
1266
+18
🇪🇸 Cumans · Spain
1262
+18
🇺🇸 Muisca · United States
1225
+19
🇨🇳 Italians · China
1219
+20
🇹🇼 Britons · Taiwan
1352
-21
🇺🇸 Khmer · United States
1347
-20
🇩🇪 Britons · Germany
1325
-20
🇨🇳 Mongols · China
1184
-14
念
10:30 Feudal Age
11:32 Double-Bit Axe
14:11 Castle Age
12:35 Horse Collar
15:30 Bow Saw
18:56 Wheelbarrow
20:35 Heavy Plow
22:51 Hand Cart
25:09 Gold Mining
25:11 Stone Mining
28:36 Imperial Age
25:52 Loom
25:53 Town Watch
27:03 Stone Shaft Mining
26:19 Fletching
26:29 Padded Archer Armor
28:18 Thumb Ring
28:59 Leather Archer Armor
29:05 Ballistics
28:56 Masonry
28:29 Treadmill Crane
29:10 Ballistics
28:47 Bodkin Arrow
30:27 Two-Man Saw
29:49 Conscription
30:25 Bracer
30:56 Ring Archer Armor
32:28 Chemistry
32:55 Elite Genoese Crossbowman
34:32 Masonry
39:19 Guilds
39:40 Coinage
39:11 Caravan
44:42 Banking
hcenemod
8:24 Feudal Age
9:39 Double-Bit Axe
9:43 Horse Collar
20:27 Castle Age
18:21 Loom
21:26 Bow Saw
21:30 Heavy Plow
22:57 Scale Mail Armor
24:20 Capped Ram
26:25 Wheelbarrow
26:34 Forging
25:54 Pikeman
28:18 Hand Cart
30:23 Chain Mail Armor
30:11 Squires
31:38 Iron Casting
32:55 Scale Barding Armor
34:02 Chain Barding Armor
37:12 Imperial Age
34:21 Light Cavalry
35:11 Bloodlines
38:35 Plate Mail Armor
39:05 Blast Furnace
37:54 Arson
39:17 Two-Man Saw
37:51 Halberdier
40:15 Plate Barding Armor
39:57 Hussar
42:01 Stone Mining
42:01 Gold Mining
41:40 Hussar
蝴蝶
4:29 Double-Bit Axe
11:09 Feudal Age
11:02 Horse Collar
15:09 Castle Age
13:53 Bow Saw
13:47 Heavy Plow
16:54 Wheelbarrow
18:54 Hand Cart
22:24 Stone Mining
22:25 Gold Mining
25:17 Loom
25:48 Town Watch
29:39 Imperial Age
26:51 Treadmill Crane
27:49 Crop Rotation
28:25 Two-Man Saw
28:12 Scale Barding Armor
28:17 Forging
29:16 Chain Barding Armor
29:08 Cavalier
29:58 Burgundian Vineyards
30:06 Husbandry
29:28 Light Cavalry
29:36 Pikeman
30:16 Squires
30:54 Iron Casting
30:42 Conscription
30:36 Town Patrol
31:04 Guilds
31:24 Coinage
30:55 Caravan
30:19 Hussar
31:47 Plate Barding Armor
30:58 Paladin
33:23 Blast Furnace
32:24 Scale Mail Armor
32:14 Fletching
32:56 Fortified Wall
32:56 Masonry
32:42 Murder Holes
34:47 Banking
34:16 Murder Holes
37:07 Hoardings
42:58 Gold Shaft Mining
42:58 Stone Shaft Mining
42:46 Ballistics
43:26 Chemistry
42:57 Architecture
42:18 Guard Tower
42:14 Arrowslits
45:31 Chain Mail Armor
45:17 Padded Archer Armor
45:08 Fletching
Pegasus
12:07 Feudal Age
16:10 Castle Age
15:05 Double-Bit Axe
15:01 Horse Collar
19:23 Bow Saw
21:08 Wheelbarrow
23:07 Fervor
25:40 Heavy Plow
27:05 Hand Cart
30:17 Imperial Age
28:36 Ballistics
29:09 Thumb Ring
28:25 Crossbowman
30:26 Arbalester
32:09 Chemistry
31:00 Fletching
31:11 Padded Archer Armor
31:17 Herbalism
31:38 Conscription
32:41 Bodkin Arrow
33:04 Leather Archer Armor
33:34 Illumination
34:44 Bracer
37:44 Elite Guecha Warrior
TwBestShaco
10:29 Feudal Age
11:27 Double-Bit Axe
14:11 Castle Age
12:37 Horse Collar
14:54 Heavy Plow
20:06 Bow Saw
22:03 Stone Mining
24:22 Wheelbarrow
23:59 Gold Mining
25:28 Gold Shaft Mining
26:05 Loom
26:35 Hand Cart
26:53 Forging
26:44 Scale Mail Armor
26:23 Pikeman
27:52 Squires
28:34 Iron Casting
28:45 Chain Mail Armor
29:15 Ballistics
28:41 Treadmill Crane
29:07 Fletching
29:36 Man-at-Arms
33:21 Imperial Age
31:57 Ballistics
31:34 Bodkin Arrow
31:39 Padded Archer Armor
33:02 Masonry
33:49 Arson
33:28 Elite Longbowman
33:33 Halberdier
34:36 Conscription
34:38 Yeomen
34:32 Bracer
35:33 Blast Furnace
34:21 Gambesons
36:03 Two-Man Saw
35:50 Plate Mail Armor
35:36 Leather Archer Armor
37:15 Chemistry
36:21 Siege Engineers
36:58 Warwolf
37:58 Arrowslits
38:04 Guard Tower
38:46 Architecture
38:12 Murder Holes
37:56 Long Swordsman
41:12 Keep
40:35 Murder Holes
40:55 Capped Ram
44:21 Ring Archer Armor
44:05 Fortified Wall
AOE2.GG | NONO
4:16 Loom
10:30 Feudal Age
15:44 Castle Age
13:54 Double-Bit Axe
15:49 Horse Collar
19:13 Wheelbarrow
18:55 Fortified Wall
26:43 Bow Saw
27:04 Heavy Plow
31:34 Imperial Age
29:54 Ballistics
29:26 Fletching
29:36 Padded Archer Armor
30:22 Bodkin Arrow
30:50 Hand Cart
30:21 Town Watch
31:27 Yeomen
32:21 Bracer
32:36 Leather Archer Armor
33:25 Chemistry
32:50 Conscription
32:45 Elite Longbowman
34:21 Hoardings
35:03 Town Patrol
37:16 Murder Holes
37:27 Siege Engineers
hawki2518
10:34 Feudal Age
11:53 Double-Bit Axe
13:23 Loom
16:09 Castle Age
15:27 Horse Collar
26:54 Bow Saw
26:37 Stone Mining
26:39 Gold Mining
27:03 Heavy Plow
27:50 Wheelbarrow
29:04 Fletching
31:49 Imperial Age
30:01 Hand Cart
30:12 Bodkin Arrow
30:18 Padded Archer Armor
34:08 Bracer
34:23 Leather Archer Armor
37:21 Conscription
37:40 Stone Shaft Mining
37:57 Forging
37:53 Scale Barding Armor
39:21 Bloodlines
39:11 Husbandry
39:18 Thumb Ring
39:39 Parthian Tactics
40:25 Ballistics
41:05 Chemistry
40:03 Murder Holes
40:51 Light Cavalry
42:39 Iron Casting
42:24 Chain Barding Armor
41:55 Elite Mangudai
44:20 Blast Furnace
44:34 Masonry
45:13 Gold Shaft Mining
44:16 Hussar
44:33 Elite Skirmisher
jesusinatree
10:42 Feudal Age
14:51 Castle Age
13:16 Double-Bit Axe
13:30 Horse Collar
17:50 Loom
25:11 Fletching
26:08 Fortified Wall
26:19 Bloodlines
26:21 Scale Barding Armor
27:52 Gold Mining
31:32 Imperial Age
31:34 Light Cavalry
32:15 Husbandry
32:16 Heavy Scorpion
32:31 Capped Ram
34:14 Forging
35:55 Chemistry
35:52 Chain Barding Armor
36:34 Double Crossbow
36:49 Siege Engineers
37:28 Hussar
38:47 Plate Barding Armor
38:29 Siege Ram
46:11 Ballistics
Connection lost

Rejoining the realm…

Still unreachable

The connection could not be restored.

Session expired

The server has moved on; the page needs a fresh start.